 Dungeon Crawl Stone Soup version 0.32-a0-540-g866d13106e (webtiles) character file.

Game seed: 11597859511249470806

4302 zenocrate the Grappler (level 10, 0/151 HPs)
             Began as a Troll Fighter on Feb 29, 2024.
             Slain by an orc warrior
             ... wielding a +1 hand axe of holy wrath
              (1 damage)
             ... on level 7 of the Dungeon.
             The game lasted 00:07:21 (4444 turns).

zenocrate the Grappler (Troll Fighter)              Turns: 4444, Time: 00:07:22

Health: 0/151      AC: 25    Str: 34    XL:     10   Next: 11%
Magic:  9/9        EV:  1    Int:  3    God:
Gold:   403        SH:  7    Dex:  8    Spells: 9/9 levels left

rFire   + +          .
                       - Unarmed
rCold   + + .        b - +0 kite shield
rNeg    . . .        a - melded +0 robe
rPois   +            (helmet currently unavailable)
rElec   +            f - melded +0 cloak
rCorr   +            (gloves unavailable)
SInv    .            (boots unavailable)
Will    .....        (no amulet)
Stlth   +            i - ring of protection from cold
HPRegen 1.25/turn    s - ring of protection from fire
MPRegen 0.11/turn

%: no passive effects
@: tree-form, resistant
A: stationary, stasis, torment immunity, boosted hp, large, unfitting armour,
(claws 3), regeneration 1, (shaggy fur 1), (tough skin 1), robust 1, strong 1
a: no special abilities


You were on level 7 of the Dungeon.
You were a tree.
You visited 1 branch of the dungeon, and saw 7 of its levels.

You collected 403 gold pieces.

Inventory:

Missiles
 e - 11 atropa-tipped darts
 w - 2 silver javelins
 x - 4 large rocks
 y - a boomerang
 z - 7 poisoned darts (quivered)
 B - a curare-tipped dart
Armour
 a - a +0 robe (melded)
 b - a +0 kite shield (worn)
 f - a +0 cloak (melded)
Jewellery
 i - a ring of protection from cold (left branch)
 s - a ring of protection from fire (right branch)
Talismans
 j - a flux talisman
Wands
 k - a wand of mindburst (14)
 u - a wand of flame (42)
Scrolls
 d - 4 scrolls of teleportation
 g - a scroll of fog
 h - 2 scrolls of revelation
 l - a scroll of brand weapon
 n - a scroll of immolation
 p - a scroll of noise {unknown}
 v - a scroll of amnesia {unknown}
Potions
 c - 3 potions of might
 t - a potion of mutation
 A - a potion of resistance


   Skills:
 - Level 3.6 Fighting
 + Level 4.8 Armour
 - Level 3.4 Dodging
 - Level 0.1 Stealth
 - Level 2.6 Shields
 + Level 12.7 Unarmed Combat


You had 9 spell levels left.
You didn't know any spells.
Your spell library contained the following spells:

 Spells                   Type           Power      Damage    Failure   Level
 Freeze                   Ice            0%         1d3       73%         1
 Kiss of Death            Conj/Necr      0%         2d5       73%         1
 Sandblast                Erth           0%         2d4       73%         1
 Confusing Touch          Hex            0%         N/A       97%         3
 Frozen Ramparts          Ice            0%         1d1       97%         3
 Hailstorm                Conj/Ice       0%         3d5       97%         3
 Passwall                 Erth           0%         N/A       97%         3
 Stone Arrow              Conj/Erth      0%         3d7       97%         3
 Summon Ice Beast         Ice/Summ       0%         N/A       97%         3
 Brom's Barrelling Bould  Conj/Erth      0%         2d3       100%        4
 Dispel Undead            Necr           0%         3d6       100%        4
 Sculpt Simulacrum        Ice/Alch       0%         N/A       100%        6


Dungeon Overview and Level Annotations

Branches:
Dungeon (7/15)
 Temple: D:4-7

Altars:
Elyvilon
Gozag
Nemelex Xobeh
Uskayaw
Yredelemnul


Innate Abilities, Weirdness & Mutations

You are a tree.
Your roots penetrate the ground, keeping you stationary.
You cannot be teleported.
You are immune to unholy pain and torment.
Your maximum health is greatly increased.
Your equipment is partially melded.
You are too large for most types of armour.
((You have claws for hands.))
Your natural rate of healing is unusually fast.
((You are covered in fur. (AC +1)))
((You have tough skin. (AC +1)))
You are robust. (+10% HP)
Your muscles are strong. (Str +4, Int/Dex -1)


Message History

The orc hits you but does no damage.
You hit the orc warrior.
The orc warrior is lightly wounded.
The orc hits you but does no damage. x2
The orc warrior hits you but does no damage.
Unknown command.
Aiming: Quicksilver Bolt
Press: ? - help, Shift-Dir - straight line, f - orc warrior
Aim: an orc warrior, wielding a +1 hand axe of holy wrath, wearing a +0 plate armour and quivering boomerangs (lightly wounded, 71% to hit)
The bolt of dispelling energy misses the orc warrior.
The now-empty wand crumbles to dust.
The orc hits you but does no damage. You block the orc's attack.
The orc warrior hits you but does no damage.
Unknown command.
Aiming: Mindburst
Press: ? - help, Shift-Dir - straight line, f/p - orc warrior
Aim: an orc warrior, wielding a +1 hand axe of holy wrath, wearing a +0 plate armour and quivering boomerangs (lightly wounded, chance to affect: 64%)
Okay, then.
You barely miss the orc warrior.
The orc warrior is lightly wounded.
The orc warrior hits you with a +1 hand axe of holy wrath.
* * * LOW HITPOINT WARNING * * *
You block the orc's attack. The orc hits you but does no damage.
Unknown command.
Okay, then.
Okay, then.
You smack the orc warrior!
The orc warrior is severely wounded.
The orc hits you but does no damage. x2
The orc warrior hits you with a +1 hand axe of holy wrath!
* * * LOW HITPOINT WARNING * * *
Unknown command.
Okay, then.
As you read the scroll labelled TAZORI YQEXOY, it crumbles to dust.
The creatures around you are filled with an inner flame!
It was a scroll of immolation.
The orc hits you with a +0 mace.
* * * LOW HITPOINT WARNING * * *
The orc hits you but does no damage.
The orc warrior hits you with a +1 hand axe of holy wrath.
You die...

######+##
#.......#
#.......#
#...oo..#
#...o♣..#
#....)..#
#.....###
#.....#
#.....#
#.....#
#.....#
#.....#


You could see an orc warrior (inner flame) and 2 orcs.

Vanquished Creatures
  Pikel (D:6)
  A cyclops (D:7)
  The ghost of retardedninja the Chopper, a novice MDFi (D:5)
  Sigmund (D:6)
  Eustachio (D:5)
  Menkaure (D:6)
  A steam dragon (D:6)
  A water moccasin (D:5)
  An orc warrior (D:7)
  2 ice beasts (D:7)
  A sky beast (D:7)
  An ogre (D:5)
  3 lemures (D:6)
  A phantom (D:6)
  A weeping skull (D:5)
  2 kobold brigands
  2 bullfrogs
  A wyvern zombie (D:5)
  4 scorpions
  3 wights (D:5)
  A water moccasin zombie (D:5)
  2 howler monkeys
  A centaur zombie (D:5)
  3 jellies
  A human zombie (D:5)
  An orc priest (D:7)
  Crazy Yiuf (D:6)
  4 bombardier beetles
  3 hounds
  3 sleepcaps
  A gnoll bouda (D:5)
  5 iguanas
  A scorpion zombie (D:5)
  8 orc wizards
  A mummy (D:5)
  A howler monkey zombie (D:5)
  9 adders
  6 gnolls
  A white imp (D:7)
  An adder zombie (D:5)
  3 ribbon worms (D:2)
  15 orcs
  6 endoplasms
  5 giant cockroaches
  7 goblins
  5 hobgoblins
  4 jackals (D:1)
  4 quokkas
  15 ball pythons
  9 bats
  8 frilled lizards
  11 kobolds
  6 rats
182 creatures vanquished.

Notes
Turn   | Place    | Note
-------+----------+-------------------------------------------
     0 | D:1      | zenocrate the Troll Fighter began the quest for the Orb.
     0 | D:1      | Reached XP level 1. HP: 22/22 MP: 0/0
     6 | D:1      | Noticed a lindwurm
     6 | D:1      | Noticed a boulder beetle
     7 | D:1      | Noticed a rime drake
     7 | D:1      | Noticed a crocodile
   159 | D:1      | Reached XP level 2. HP: 29/29 MP: 1/1
   172 | D:1      | Reached skill level 3 in Unarmed Combat
   712 | D:2      | Reached XP level 3. HP: 36/36 MP: 2/2
   811 | D:2      | Reached skill level 4 in Unarmed Combat
   866 | D:2      | Reached XP level 4. HP: 44/44 MP: 3/3
  1210 | D:3      | Reached XP level 5. HP: 50/50 MP: 4/4
  1466 | D:3      | Reached skill level 5 in Unarmed Combat
  2109 | D:4      | Found a hide-covered altar of Uskayaw.
  2116 | D:4      | Reached XP level 6. HP: 59/59 MP: 5/5
  2177 | D:4      | Found a white marble altar of Elyvilon.
  2571 | D:4      | Reached skill level 6 in Unarmed Combat
  2674 | D:4      | Gained mutation: Your muscles are strong. (Str +4, Int/Dex
                  | -1) [potion of mutation]
  2674 | D:4      | Gained mutation: You are robust. (+10% HP) [potion of
                  | mutation]
  2698 | D:5      | Entered Level 5 of the Dungeon
  2707 | D:5      | Found a sparkling altar of Nemelex Xobeh.
  2718 | D:5      | Found an opulent altar of Gozag.
  2721 | D:5      | Reached XP level 7. HP: 68/74 MP: 6/6
  2929 | D:5      | Reached skill level 7 in Unarmed Combat
  2944 | D:5      | Noticed Eustachio
  2969 | D:5      | Killed Eustachio
  3049 | D:5      | Reached skill level 8 in Unarmed Combat
  3060 | D:5      | Identified the +7 hand axe "Rutopt" {elec, rF+ rN+ Will+
                  | MP+9}
  3081 | D:5      | Reached XP level 8. HP: 77/85 MP: 7/7
  3375 | D:5      | Found a basalt altar of Yredelemnul.
  3390 | D:5      | Reached skill level 9 in Unarmed Combat
  3477 | D:5      | Reached skill level 10 in Unarmed Combat
  3551 | D:5      | Found a runed translucent gate.
  3551 | D:5      | Found a runed translucent gate.
  3551 | D:5      | Found a runed translucent gate.
  3552 | D:5      | Noticed retardedninja's ghost (novice MDFi)
  3590 | D:5      | Killed retardedninja's ghost
  3697 | D:6      | Reached skill level 11 in Unarmed Combat
  3697 | D:6      | Reached XP level 9. HP: 79/92 MP: 8/8
  3748 | D:6      | Noticed Menkaure
  3760 | D:6      | Killed Menkaure
  3865 | D:6      | Noticed Sigmund
  3869 | D:6      | Killed Sigmund
  3870 | D:6      | Reached skill level 1 in Armour
  3905 | D:6      | Noticed Pikel
  3913 | D:6      | Killed Pikel
  3926 | D:6      | Reached skill level 12 in Unarmed Combat
  4086 | D:6      | Found a runed translucent door.
  4087 | D:6      | Noticed Crazy Yiuf
  4234 | D:6      | Killed Crazy Yiuf
  4416 | D:7      | Noticed a cyclops
  4420 | D:7      | Reached XP level 10. HP: 39/101 MP: 9/9
  4423 | D:7      | Noticed a red ugly thing
  4426 | D:7      | Killed a cyclops
  4429 | D:7      | HP: 3/101 [red ugly thing (6)]
  4443 | D:7      | HP: 2/151 [orc warrior/+1 hand axe of holy wrath (9)]
  4444 | D:7      | Slain by an orc warrior

Illustrated notes

Levels and vault maps discovered:
D:1:      onia_arrival_zoo_common, layout_rooms, chequers_avenue,
          serial_park_tiny_1
D:2:      layout_basic, minmay_heptomino_w4
D:3:      minmay_recursive_quarters, layout_basic, serial_bayou_pond_c
D:4:      layout_loops_ring, elyvilon_altar_1, eat_drink_and_be_merry_uskayaw,
          hangedman_abyss_or_decor_slice
D:5:      layout_loops_ring, lemuel_mausoleum_altar_yredelemnul,
          nicolae_gozag_cash_rules_everything_around_me,
          mainiacjoe_overflow_brackets, ebering_ghost_rock_garden,
          uniq_eustachio
D:6:      layout_rooms, uniq_pikel, uniq_sigmund, uniq_menkaure,
          uniq_crazy_yiuf_cottage
D:7:      nzn_winding_woodlands_stair_cross
          [nzn_winding_woodlands_5x15_split_checker,
          nzn_winding_woodlands_center_diamonds,
          nzn_winding_woodlands_5x15_cabin, nzn_winding_woodlands_5x5_open_star,
          nzn_winding_woodlands_5x5_three, nzn_winding_woodlands_5x15_zeroes,
          nzn_winding_woodlands_center_triple_pond,
          nzn_winding_woodlands_5x15_pool], layout_gridville,
          mainiacjoe_overflow_alcove_2, temple_fountains

Skill      XL: |  1  2  3  4  5  6  7  8  9 |
---------------+----------------------------+-----
Unarmed Combat | 3 4 5 6 8 11 12 | 12.7
Dodging        | 3 |  3.4
Fighting       | 3 |  3.6
Armour         | 4 |  4.8
Stealth        | |  0.1
Shields        | |  2.6

Action                     |  1- 3 |  4- 6 |  7- 9 | 10-12 || total
---------------------------+-------+-------+-------+-------++-------
  Melee: Unarmed           |    85 |   189 |   238 |    11 ||   523
  Evoke: Wand              |       |       |       |     3 ||     3
    Use: Scroll            |       |     6 |       |     2 ||     8
         Potion            |       |     1 |     1 |     5 ||     7
   Stab: Sleeping          |       |     1 |       |       ||     1
 Armour: Robe              |    54 |    99 |   137 |     9 ||   299
         Skin              |       |       |       |    18 ||    18
  Dodge: Dodged            |    22 |    61 |    52 |     2 ||   137
  Block: Kite shield       |    26 |    40 |    75 |     6 ||   147

Table legend: (Time is in decaauts)
 A = Elapsed time spent in this place.
 B = Non-inter-level travel time spent in this place.
 C = Inter-level travel time spent in this place.
 D = Time resting spent in this place.
 E = Time spent auto-exploring this place.
 F = Levels seen in this place.
 G = Mean time per level.
                   A        B        C        D        E       F      G
               +--------+--------+--------+--------+--------+-----+--------+
         Total |   4418 |   4247 |    171 |      0 |   3141 |   7 |  631.1 |
       Dungeon |   4418 |   4247 |    171 |      0 |   3141 |   7 |  631.1 |
               +--------+--------+--------+--------+--------+-----+--------+

Top non-repeatable levels by time:
     D:5: 957 daAuts
     D:3: 867 daAuts
     D:1: 667 daAuts
     D:4: 659 daAuts
     D:6: 607 daAuts
     D:2: 511 daAuts
     D:7: 148 daAuts
